 Dungeon Crawl Stone Soup version 0.19-a0-1007-g133f65f (webtiles) character file.

5737 mistymad the Martial Artist (level 10, -6/71 HPs)
             Began as an Octopode Transmuter on July 19, 2016.
             Was a Follower of Cheibriados.
             Killed from afar by a gargoyle (20 damage)
             ... with a stone arrow
             ... on level 10 of the Dungeon.
             The game lasted 00:55:11 (16180 turns).

mistymad the Martial Artist (Octopode Transmuter)  Turns: 16180, Time: 00:55:11

Health: -6/71      AC:  1    Str: 11    XL:     10   Next: 77%
Magic:  4/14       EV: 16    Int: 22    God:    Cheibriados [*.....]
Gold:   504        SH:  0    Dex: 14    Spells: 4 memorised, 3 levels left

rFire  . . .     SeeInvis +       - Unarmed
rCold  . . .     Gourm    .     (no shield)
rNeg   . . .     Faith    .     (helmet restricted)
rPois  .         Spirit   .     (no amulet)
rElec  .         Dismiss  .     C - ring of see invisible
rCorr  .         Reflect  .     (no ring)
SustAt .         Harm     .     (no ring)
MR     .....                    (no ring)
Stlth  ++........               (no ring)
                                (no ring)
                                (no ring)
                                (no ring)

@: repel missiles, very slow, not resistant to hostile enchantments, unstealthy
A: almost no armour, amphibious, 8 rings, constrict 8, camouflage 1, gelatinous
body 1
a: Bend Time, Renounce Religion


You were on level 10 of the Dungeon.
You worshipped Cheibriados.
Cheibriados was aware of your devotion.
You were hungry.

You visited 2 branches of the dungeon, and saw 11 of its levels.

You collected 504 gold pieces.

Inventory:

Missiles
 a - 177 arrows
Armour
 o - the +6 shield of Kap Wodovio {Dex+3}
   (You found it on level 4 of the Dungeon)

   It affects your dexterity (+3).
 z - the +8 large shield of the Grey Skies {rElec MR+ rCorr}
   (You found it on level 6 of the Dungeon)

   It insulates you from electricity.
   It affects your resistance to hostile enchantments.
   It protects you from acid and corrosion.
Jewellery
 C - a ring of see invisible (left tentacle)
Wands
 n - a wand of teleportation (3/9)
 p - a wand of disintegration (16/24)
 r - a wand of confusion (21/48)
 y - a wand of lightning (8/15)
 G - a wand of digging (12/24)
Scrolls
 e - a scroll of identify
 i - 4 scrolls of remove curse
 j - 4 scrolls of teleportation
 m - a scroll of fog
 u - a scroll of immolation
 w - a scroll of enchant armour
Potions
 d - a potion of curing
 q - a potion of brilliance
 A - a potion of cancellation
 B - 3 potions of might
 F - a potion of degeneration {unknown}
Books
 b - a book of Changes

   Spells                             Type                      Level
   a - Beastly Appendage              Transmutation                1
   b - Sticks to Snakes               Transmutation                2
   c - Spider Form                    Transmutation/Poison         3
   d - Ice Form                       Ice/Transmutation            4
   e - Blade Hands                    Transmutation                5
 h - a book of Party Tricks

   Spells                             Type                      Level
   a - Summon Butterflies             Summoning                    1
   b - Apportation                    Translocation                1
   c - Tukima's Dance                 Hexes                        3
   d - Alistair's Intoxication        Transmutation/Poison         5
   e - Invisibility                   Hexes                        6
 l - a book of Air

   Spells                             Type                      Level
   a - Shock                          Conjuration/Air              1
   b - Swiftness                      Charms/Air                   2
   c - Repel Missiles                 Charms/Air                   2
   d - Static Discharge               Conjuration/Air              3
   e - Lightning Bolt                 Conjuration/Air              5
 s - a book of Enchantments

   Spells                             Type                      Level
   a - Cause Fear                     Hexes                        4
   b - Yara's Violent Unravelling     Hexes/Transmutation          5
   c - Silence                        Hexes/Air                    5
   d - Deflect Missiles               Charms/Air                   6
   e - Haste                          Charms                       6
   f - Discord                        Hexes                        8
 H - a book of Summonings

   Spells                             Type                      Level
   a - Recall                         Summoning/Translocation      3
   b - Aura of Abjuration             Summoning                    5
   c - Summon Demon                   Summoning                    5
   d - Summon Forest                  Summoning/Translocation      5
   e - Summon Mana Viper              Hexes/Summoning              5
   f - Shadow Creatures               Summoning                    6
Comestibles
 c - 10 bread rations
 f - 2 beef jerkies
 g - 10 royal jellies
 t - 6 meat rations


   Skills:
 + Level 7.2 Fighting
 - Level 6.5 Dodging
 - Level 4.4 Shields
 + Level 8.7 Unarmed Combat
 - Level 3.2 Spellcasting
 + Level 8.2 Transmutations


You had 3 spell levels left.
You knew the following spells:

 Your Spells              Type           Power        Failure   Level  Hunger
b - Sticks to Snakes      Tmut           #####...     1%          2    ##.....
c - Spider Form           Tmut/Pois      ###.......   10%         3    ###....
d - Blade Hands           Tmut           #####.....   12%         5    ######.
e - Repel Missiles        Chrm/Air       #.....       21%         2    ##.....


Dungeon Overview and Level Annotations

Branches:
Dungeon (10/15)            Temple (1/1) D:7            Lair (0/6) D:10
    Orc (0/2) D:9

Altars:
Ashenzari
Cheibriados
Dithmenos
Elyvilon
Fedhas
Gozag
Hepliaklqana
Kikubaaqudgha
Makhleb
Nemelex Xobeh
Okawaru
Pakellas
Qazlal
Ru
Sif Muna
Trog
Uskayaw
Vehumet
Xom
Yredelemnul
Zin
The Shining One

Shops:
D:8 [

Annotations:
D:5 Grinder
D:8 Grum, Pikel


Innate Abilities, Weirdness & Mutations

You cannot wear most types of armour.
You are amphibious.
You can wear up to eight rings at the same time.
You can use your tentacles to constrict eight enemies at once.
Your skin changes colour to match your surroundings (Stealth+).
Your rubbery body absorbs attacks. (AC +1)


Message History

The hound dies!
Cheibriados thoroughly appreciates the change of pace.
Your adder looks stronger.
The gargoyle hurls a stone arrow at your adder.
The stone arrow hits your adder.
Your adder dies!
The bat closely misses you.
Your transformation is almost over.
The bat completely misses you. The bat completely misses you. The bat hits you.
* * * LOW HITPOINT WARNING * * *
You take 1 damage, and have 14/71 hp.
The bat hits you.
* * * LOW HITPOINT WARNING * * *
You take 1 damage, and have 13/71 hp.
Your transformation has ended.
The gargoyle hurls a stone arrow at you.
The stone arrow hits you!
You die...

..(...######### #.#........
#.....b.9.....#########.#........
#############........(..#(.......
#..#######..#........
#..#....<#..#........
#..#.#.#)#..#.#'#####
#..#.#.#.#..#.#.#
#..#.#.#.#..#.#.#
#..#@#.#.#..#.#.#
#.9#.#.#.#......#
#..#.#.#.#.##.### #..9.....#.##.#
##.#.#.###.##.# #.#:#...#.##.#
#.#.#.#.#.##.# #.#.###.#.##.#
#.#.....#....#


You could see a gargoyle.

Vanquished Creatures
  Psyche (D:9)
  A centaur skeleton (D:10)
  A troll (D:9)
  A two-headed ogre (D:10)
  A wraith (D:9)
  2 hippogriffs
  2 orc warriors (D:7)
  3 ice beasts
  A sky beast (D:5)
  A wasp (D:6)
  A phantom (D:9)
  3 wolves
  A crocodile (D:10)
  6 centaurs
  A big kobold (D:8)
  5 giant frogs
  2 scorpions
  A water moccasin skeleton (D:5)
  10 wights
  4 crimson imps
  3 quasits
  4 orc priests
  5 hounds
  5 jellies
  7 orc wizards
  10 worker ants
  5 iguanas
  A killer bee zombie (D:7)
  A hound zombie (D:8)
  A hound skeleton (D:7)
  5 gnolls
  A worker ant zombie (D:5)
  A howler monkey skeleton (D:4)
  18 adders
  2 shadow imps
  7 oozes
  An adder skeleton (D:6)
  5 worms
  6 giant geckos
  29 orcs
  4 giant cockroaches
  6 goblins
  9 hobgoblins
  18 jackals
  4 quokkas
  7 bats
  A giant gecko skeleton (D:5)
  8 giant newts
  10 kobolds
  9 rats
  3 plants
244 creatures vanquished.

Vanquished Creatures (collateral kills)
  A centaur skeleton (D:10)
  4 wights
  A hound (D:10)
  A gnoll (D:3)
  An orc (D:8)
  A jackal (D:8)
  A bat (D:10)
10 creatures vanquished.

Vanquished Creatures (others)
  15 fungi (D:10)
  6 plants (D:10)
21 creatures vanquished.

Grand Total: 275 creatures vanquished

Notes
Turn   | Place    | Note
-------+----------+-------------------------------------------
     0 | D:1      | mistymad the Octopode Transmuter began the quest for the Orb.
     0 | D:1      | Reached XP level 1. HP: 13/13 MP: 3/3
    63 | D:1      | Reached XP level 2. HP: 18/18 MP: 5/5
   750 | D:2      | Learned a level 2 spell: Sticks to Snakes
   753 | D:2      | Reached XP level 3. HP: 23/23 MP: 6/6
  1000 | D:2      | Reached XP level 4. HP: 23/28 MP: 7/7
  1946 | D:2      | Learned a level 3 spell: Spider Form
  1958 | D:3      | Reached XP level 5. HP: 12/33 MP: 5/8
  4023 | D:4      | Reached XP level 6. HP: 28/38 MP: 5/9
  4266 | D:4      | Got an ichor-stained shield
  4381 | D:4      | Identified the +6 shield of Kap Wodovio {Dex+3} (You found it on level 4 of the Dungeon)
  4603 | D:4      | Reached skill level 5 in Unarmed Combat
  5384 | D:4      | Reached XP level 7. HP: 31/45 MP: 7/10
  5498 | D:5      | Entered Level 5 of the Dungeon
  5742 | D:5      | Noticed Grinder
  5972 | D:5      | Paralysed by Grinder for 2 turns
  6038 | D:5      | Reached skill level 5 in Transmutations
  6886 | D:6      | Reached XP level 8. HP: 44/52 MP: 5/11
  6967 | D:6      | Learned a level 5 spell: Blade Hands
  7992 | D:6      | Got a polished large shield
  7998 | D:6      | Identified the +8 large shield of the Grey Skies {rElec MR+ rCorr} (You found it on level 6 of the Dungeon)
  8690 | D:6      | Reached skill level 1 in Shields
  8808 | D:6      | Reached skill level 5 in Dodging
  8859 | D:6      | Found a shimmering altar of Xom.
  8864 | D:6      | Found a shimmering altar of Xom.
  8865 | D:6      | Found a shimmering altar of Xom.
  8896 | D:6      | Found a shimmering altar of Xom.
  8935 | D:6      | Reached XP level 9. HP: 34/59 MP: 5/12
  9551 | D:7      | Found a staircase to the Ecumenical Temple.
  9560 | Temple   | Entered the Ecumenical Temple
  9978 | D:7      | Reached skill level 5 in Fighting
 11067 | D:8      | Found Ymithral's Armour Emporium.
 11168 | D:8      | Noticed Grum
 11191 | D:8      | HP: 3/61 [wolf[Grum] (4)]
 12696 | D:8      | Noticed a skeletal warrior
 12699 | D:8      | Noticed Pikel
 12731 | D:8      | Reached XP level 10. HP: 64/68 MP: 3/14
 13656 | D:9      | Noticed Psyche
 13668 | D:9      | Killed Psyche
 13983 | D:9      | Learned a level 2 spell: Repel Missiles
 14225 | D:9      | Found a snail-covered altar of Cheibriados.
 14508 | D:9      | Became a worshipper of Cheibriados the Contemplative
 14785 | D:9      | Found a staircase to the Orcish Mines.
 15242 | D:10     | Entered Level 10 of the Dungeon
 15710 | D:10     | Reached * piety under Cheibriados
 16122 | D:10     | Noticed a gargoyle
 16180 | D:10     | Killed from afar by a gargoyle

Vault maps used:
D:1:      dpeg_arrival_water_altar
D:3:      first_bread, serial_bayou_ford_a, st_stairs_13, roderic_lattice_a
D:5:      uniq_grinder
D:6:      minivault_4, xom_redecorated
D:8:      wad_statue_garden, serial_shops, kennysheep_mini_moat, uniq_grum,
          uniq_pikel
D:9:      nicolae_overflow_crystal_walls, orc_0_dummy,
          hangedman_little_slice_of_home, uniq_psyche
D:10:     grunt_lair_entry_orc_guard_hut, uniq_harold
Temple:   compressed_dpeg_triangle_lava_temple

Skill      XL: |  1  2  3  4  5  6  7  8  9 10 |
---------------+-------------------------------+-----
Transmutations | 3 4 5 6 7 8 |  8.2
Unarmed Combat | 4 5 6 7 8 |  8.7
Fighting       | 2 3 4 5 7 |  7.2
Dodging        | 3 4 5 6 |  6.5
Shields        | 2 4 |  4.4
Spellcasting   | 3 |  3.2

Action                   |  1- 3 |  4- 6 |  7- 9 | 10-12 || total
-------------------------+-------+-------+-------+-------++-------
Melee: Unarmed           |    61 |   181 |   368 |   268 ||   878
       Constrict         |    16 |    27 |    29 |     8 ||    80
       Tentacles         |    17 |    21 |    23 |     8 ||    69
       Kick              |     2 |     5 |       |       ||     7
       Punch             |     1 |     3 |     4 |     1 ||     9
 Cast: Beastly Appendage |     3 |     2 |       |       ||     5
       Spider Form       |       |    12 |    35 |    24 ||    71
       Sticks to Snakes  |       |     4 |    35 |    19 ||    58
       Repel Missiles    |       |       |       |     1 ||     1
Evoke: Wand              |       |       |     1 |       ||     1
  Use: Scroll            |       |       |    13 |     7 ||    20
       Potion            |       |       |     7 |     2 ||     9
 Stab: Sleeping          |     7 |     9 |     4 |     3 ||    23
       Distracted        |     1 |       |     5 |     3 ||     9
  Eat: Chunk             |       |    16 |    22 |     7 ||    45
       Pizza             |       |       |     3 |       ||     3
       Meat ration       |       |       |     1 |     1 ||     2
Armor: Skin              |     4 |     6 |    48 |     9 ||    67
Dodge: Dodged            |    34 |   106 |   369 |   227 ||   736
       Deflected         |       |       |       |     2 ||     2
Block: Large shield      |       |       |    15 |       ||    15
